 Dungeon Crawl Stone Soup version 0.16-a0-3589-g642d6c3 (webtiles) character file.

280 Minkie the Cudgeler (level 6, -3/47 HPs)
             Began as a Formicid Fighter on Jan 11, 2015.
             Was a Follower of Okawaru.
             Slain by a gnoll
             ... wielding a +0 halberd
              (6 damage)
             ... on level 3 of the Dungeon.
             The game lasted 00:08:01 (2510 turns).

Minkie the Cudgeler (Formicid Fighter)              Turns: 2510, Time: 00:08:01

Health: -3/47      AC: 10    Str: 20    XL:     6   Next: 52%
Magic:  8/8        EV:  5    Int: 10    God:    Okawaru [*.....]
Gold:   106        SH:  9    Dex: 10    Spells: 0 memorised, 5 levels left

rFire  . . .     SeeInvis +     a - +0 flail
rCold  . . .     Clarity  .     n - +0 chain mail (curse)
rNeg   . . .     SustAb   .     c - +0 shield
rPois  .         Gourm    .     (helmet unavailable)
rElec  .         Spirit   .     (no cloak)
rCorr  .         Warding  .     i - +0 pair of gloves
rMut   .         Stasis   +     (no boots)
MR     .....                    (no amulet)
Stlth  ..........               (no ring)
                                (no ring)

@: not resistant to hostile enchantments, extremely unstealthy
A: permanent stasis, dig shafts and tunnels, four strong arms, antennae 3
a: Dig, Shaft Self, Heroism, Renounce Religion


You were on level 3 of the Dungeon.
You worshipped Okawaru.
Okawaru was aware of your devotion.
You were not hungry.

You visited 1 branch of the dungeon, and saw 3 of its levels.

You collected 106 gold pieces.

Inventory:

Hand weapons
 a - a +0 flail (weapon)
Missiles
 j - 22 bolts
 m - 23 arrows of flame
 q - 8 arrows
Armour
 c - a +0 shield (worn)
 i - a +0 pair of gloves (worn)
 n - a cursed +0 chain mail (worn)
Scrolls
 g - 2 scrolls of identify {unknown}
 k - 2 scrolls of random uselessness {unknown}
Potions
 b - 2 potions of haste {unknown}
 e - 3 potions of might
 f - a potion of curing {unknown}
 h - a potion of restore abilities {unknown}
 l - a potion of mutation {unknown}
 o - a potion of cancellation {unknown}
 r - a potion of beneficial mutation {unknown}
 s - a potion of berserk rage {unknown}
Comestibles
 d - 3 bread rations
 p - 3 chunks of flesh


   Skills:
 - Level 3.2 Fighting
 + Level 6.4 Maces & Flails
 - Level 3.2 Armour
 - Level 3.6 Shields


You had 5 spell levels left.
You didn't know any spells.

Dungeon Overview and Level Annotations

Branches:
Dungeon (3/15)

Altars:
Okawaru
Trog


Innate Abilities, Weirdness & Mutations

You are under a permanent stasis effect.
You can dig through walls and to a lower floor.
Your four strong arms can wield two-handed weapons with a shield.
You have a pair of large antennae on your head (SInv).


Message History

The gnoll hits you from afar with a halberd.
* * * LOW HITPOINT WARNING * * *
You block the gnoll's attack.
You sock the gnoll!
You kill the gnoll!
Okawaru accepts your kill.
You can now gain great but temporary skills.
You block the gnoll's attack. You block the gnoll's attack.
You see here a flail.
You hit the gnoll but do no damage. The gnoll hits you with a halberd.
* * * LOW HITPOINT WARNING * * *
You hit the gnoll.
The gnoll is lightly wounded.
You block the gnoll's attack.
You hit the gnoll.
The gnoll is moderately wounded.
You are no longer glowing.
The gnoll hits you with a halberd.
You die...

.......... .........
...≈≈≈≈≈≈≈ ≈≈≈≈≈≈≈
...≈≈≈≈≈≈≈ ≈≈≈≈
...≈≈≈≈≈≈≈ #####
.......... #...#
'''#############...#
...#...........#'###
...'...........))#
...#..........)#@#
################g#


{{{{ #.....g# {{ { #......# {{{ ##'###.# { #... #.# #.. #.# . #+# You could see
2 gnolls.

Vanquished Creatures
  A gnoll shaman (D:3)
  3 adders
  15 gnolls
  A worm (D:3)
  2 giant geckos (D:2)
  2 orcs (D:3)
  2 giant cockroaches
  7 hobgoblins
  7 jackals (D:3)
  An ooze (D:3)
  A quokka (D:3)
  2 ball pythons
  6 bats
  3 giant newts
  6 goblins
  6 kobolds
  6 rats (D:1)
71 creatures vanquished.

Notes
Turn   | Place    | Note
--------------------------------------------------------------
     0 | D:1      | Minkie, the Formicid Fighter, began the quest for the Orb.
     0 | D:1      | Reached XP level 1. HP: 18/18 MP: 1/1
   114 | D:1      | Reached XP level 2. HP: 21/24 MP: 3/3
   423 | D:1      | Reached XP level 3. HP: 29/29 MP: 4/4
  1061 | D:2      | Found an iron altar of Okawaru.
  1074 | D:2      | Became a worshipper of Warmaster Okawaru
  1365 | D:3      | Reached skill level 4 in Maces & Flails
  1365 | D:3      | Reached XP level 4. HP: 26/35 MP: 5/5
  1732 | D:3      | Reached XP level 5. HP: 39/41 MP: 7/7
  1900 | D:3      | Found a bloodstained altar of Trog.
  1911 | D:3      | Reached skill level 5 in Maces & Flails
  2314 | D:3      | Reached XP level 6. HP: 44/47 MP: 8/8
  2455 | D:3      | Reached skill level 6 in Maces & Flails
  2506 | D:3      | Acquired Okawaru's first power
  2510 | D:3      | Slain by a gnoll

Action                   |  1- 3 |  4- 6 || total
-------------------------+-------+-------++-------
Melee: Flail             |    91 |   223 ||   314
  Eat: Chunk             |     1 |     5 ||     6
